Map: Darkness Sanctuary LE

Players

Must - Winner!

  • Race: Zerg Zerg
  • Spawn Location: 1:00

Fortuna

  • Race: Zerg Zerg
  • Spawn Location: 5:00

VOD

Have the link to the VOD?

Description

Time

  • Played on: July 20, 2018, 3:33 p.m.
  • Length: 11:19
Show
View Real Time Build Order
Export as new Build Order

Must Zerg - Winner!

Build Orders: Pool First 

Get SALT Encoding   

  12  0:00  Drone  
  13  0:13  Overlord  
  13  0:20  Drone  
  14  0:36  Spawning Pool  
  14  0:37  Drone  
  14  0:41  Drone  
  15  0:46  Drone  
  16  0:50  Drone  
  17  1:01  Extractor  
  17  1:02  Drone  
  17  1:14  Drone  
  18  1:24  Zergling x2  
  18  1:25  Queen  
  21  1:32  Overlord  
  21  1:44  Zergling x2  
  22  1:56  Baneling Nest  
  22  1:58  Zergling x2  
  22  2:13  Zergling x2  
  23  2:21  Metabolic Boost  
  23  2:22  Zergling x2  
  24  2:27  Hatchery  
  23  2:31  Zergling x2  
  23  2:40  Overlord  
  23  2:48  Zergling x8  
  27  3:10  Zergling x4  
  29  3:18  Baneling x2  
  29  3:19  Baneling x2  
  29  3:20  Zergling x2  
  29  3:21  Overlord  
  24  3:56  Zergling x8  
  24  3:57  Zergling x4  
  24  3:58  Queen  
  24  4:02  Zergling x2  
  31  4:03  Baneling  
  28  4:24  Zergling x2, Drone  
  30  4:34  Queen  
  29  4:53  Extractor, Drone x6  
  32  5:12  Baneling x3  
  32  5:19  Drone  
  32  5:20  Drone x5  
  36  5:42  Drone x3  
  37  5:43  Roach Warren  
  37  5:47  Extractor  
  35  5:59  Drone x6  
  41  6:04  Overlord  
  41  6:22  Lair  
  43  6:33  Roach x5  
  51  6:48  Overlord x2  
  51  7:14  Roach x7  
  51  7:15  Roach  
  67  7:29  Spire  
  66  7:44  Overlord x3  
  66  7:48  Drone  
  66  7:50  Extractor  
  66  8:06  Ravager  
  66  8:07  Ravager x4  
  66  8:09  Glial Reconstitution  
  71  8:28  Drone x4  
  71  8:29  Drone x14  
  89  8:37  Overlord  
  89  8:42  Hatchery  
  88  8:49  Roach  
  88  8:52  Zergling x2  
  91  9:10  Mutalisk x4  
  97  9:50  Mutalisk  
  97  9:51  Mutalisk x5  
  82  10:01  Mutalisk x4  
  82  10:06  Queen  
  88  10:09  Extractor  
  88  10:13  Extractor  
  85  10:14  Mutalisk  
  85  10:15  Mutalisk x2  
  91  10:24  Zergling x2  
  91  10:25  Zergling x6  
  95  10:35  Overlord x2  
  95  10:39  Drone  
  95  10:40  Drone  
  97  10:46  Overlord  
Show
View Real Time Build Order
Export as new Build Order

Fortuna Zerg 

Build Orders: Hatch First 

Get SALT Encoding   

  12  0:01  Drone  
  13  0:11  Drone  
  14  0:17  Overlord  
  14  0:43  Hatchery  
  14  0:45  Drone  
  14  1:02  Spawning Pool  
  13  1:06  Drone  
  14  1:14  Drone x2  
  16  1:24  Drone  
  17  1:28  Extractor, Drone  
  17  1:39  Overlord  
  17  1:49  Drone  
  17  1:50  Queen  
  20  1:58  Drone  
  20  1:59  Queen  
  23  2:05  Drone  
  24  2:10  Zergling x2  
  25  2:17  Zergling x2  
  26  2:24  Roach Warren  
  26  2:25  Drone  
  26  2:35  Drone  
  27  2:47  Drone x3  
  30  2:57  Drone x2  
  32  3:01  Extractor  
  31  3:06  Roach x2  
  35  3:18  Spine Crawler  
  35  3:19  Spine Crawler  
  32  3:20  Roach  
  32  3:21  Roach  
  32  3:25  Overlord  
  35  3:53  Drone x2  
  35  3:54  Zergling x2  
  26  4:04  Drone x2  
  27  4:11  Queen  
  28  4:25  Drone x2  
  28  4:27  Drone  
  28  4:28  Drone  
  26  4:49  Drone x4  
  26  4:50  Drone  
  26  4:53  Zergling x2, Roach  
  29  5:09  Drone x3  
  32  5:20  Baneling Nest  
  30  5:44  Drone x2  
  30  5:45  Drone x4  
  30  5:48  Extractor  
  35  5:50  Extractor  
  35  5:51  Drone x3  
  37  6:05  Zergling x2  
  38  6:20  Lair  
  38  6:21  Hatchery  
  36  6:44  Drone x3  
  39  6:50  Drone x2  
  41  7:01  Drone  
  42  7:02  Roach Warren  
  42  7:03  Queen  
  43  7:11  Overlord x3  
  43  7:40  Hydralisk Den  
  43  7:42  Queen  
  43  7:43  Drone x3  
  47  7:45  Evolution Chamber  
  47  7:51  Roach x2  
  50  7:56  Drone x2  
  52  8:15  Drone x2  
  54  8:21  Hydralisk x4  
  62  8:31  Drone x2  
  62  8:32  Drone  
  65  8:43  Zerg Missile Weapons Level 1  
  65  8:47  Hydralisk x2  
  69  9:07  Overlord  
  69  9:08  Overlord x2  
  69  9:12  Overlord x4  
  69  9:23  Glial Reconstitution  
  69  9:25  Grooved Spines  
  54  9:54  Hydralisk x2  
  54  9:55  Hydralisk  
  52  10:07  Drone  
  52  10:10  Drone  
  52  10:11  Drone x6  
  52  10:12  Drone  
  61  10:20  Zergling x4  
  61  10:21  Zergling x4  
  65  10:50  Ravager  
  66  10:57  Drone x3  
Tags
 
Add a new tag
Caveats
  • Supply blocks, unpowered buildings, or Contaminate may cause inaccurate times.
  • Supply counts are checked every 10 seconds.